Map: 旋风平台 - 天梯版 (虚空)

Players

Jim

  • Race: Protoss Protoss
  • Spawn Location: 1:00

Scarlett - Winner!

  • Race: Zerg Zerg
  • Spawn Location: 7:00

Event: WESG 2016 Finals

VOD

Have the link to the VOD?

Description

Time

  • Played on: Jan. 13, 2017, 9:30 p.m.
  • Length: 8:26

All games in this series

Show
View Real Time Build Order
Export as new Build Order

Jim Protoss 

Build Orders: Nexus First, Zealot Archon 

Get SALT Encoding   

  12  0:01  Probe (Chrono Boost)  
  13  0:11  Probe (Chrono Boost)  
  14  0:20  Pylon  
  14  0:22  Probe (Chrono Boost)  
  15  0:38  Probe (Chrono Boost)  
  16  0:48  Probe (Chrono Boost)  
  17  1:00  Nexus  
  17  1:10  Gateway  
  17  1:13  Probe (Chrono Boost)  
  18  1:19  Assimilator  
  18  1:23  Probe (Chrono Boost)  
  19  1:27  Assimilator  
  19  1:34  Probe (Chrono Boost)  
  20  1:43  Gateway  
  20  1:44  Probe (Chrono Boost)  
  21  1:55  Probe (Chrono Boost)  
  21  1:57  Cybernetics Core  
  22  2:05  Probe (Chrono Boost)  
  23  2:12  Probe (Chrono Boost)  
  23  2:14  Pylon  
  24  2:16  Probe (Chrono Boost)  
  26  2:22  Probe (Chrono Boost)  
  26  2:26  Probe (Chrono Boost)  
  27  2:33  Probe (Chrono Boost)  
  27  2:34  Stalker, Adept  
  32  2:38  Probe (Chrono Boost)  
  32  2:40  Warp Gate  
  32  2:44  Probe (Chrono Boost)  
  34  2:49  Probe (Chrono Boost)  
  35  2:54  Probe (Chrono Boost)  
  35  2:57  Twilight Council  
  36  3:00  Probe (Chrono Boost)  
  36  3:05  Probe (Chrono Boost)  
  38  3:10  Probe (Chrono Boost)  
  39  3:15  Probe (Chrono Boost)  
  39  3:16  Robotics Facility  
  40  3:20  Resonating Glaives  
  40  3:21  Probe (Chrono Boost)  
  41  3:27  Probe (Chrono Boost), Pylon  
  41  3:32  Probe (Chrono Boost)  
  43  3:36  Adept  
  43  3:39  Adept  
  46  3:45  Probe (Chrono Boost)  
  47  3:49  Gateway x2  
  47  3:53  Probe (Chrono Boost)  
  48  3:58  Warp Prism, Gateway  
  48  4:08  Gateway  
  50  4:12  Pylon  
  50  4:15  Probe (Chrono Boost)  
  50  4:16  Probe (Chrono Boost)  
  52  4:19  Assimilator  
  52  4:20  Assimilator  
  52  4:25  Pylon  
  52  4:28  Mothership Core (Chrono Boost)  
  55  4:32  Probe (Chrono Boost)  
  55  4:34  Observer  
  56  4:44  Probe (Chrono Boost)  
  56  4:45  Pylon  
  57  4:47  Adept  
  57  4:49  Adept  
  57  4:51  Adept x2  
  65  4:59  Probe (Chrono Boost)  
  64  5:02  Dark Shrine  
  64  5:13  Adept x3  
  64  5:14  Adept x3  
  76  5:22  Pylon  
  76  5:28  Pylon  
  76  5:30  Pylon  
  76  5:40  Warp Prism  
  72  5:49  Adept x4  
  60  5:50  Adept x2  
  61  6:10  Adept x4  
  61  6:11  Adept x2  
  72  6:18  Gateway  
  72  6:20  Gateway  
  72  6:35  Dark Templar x4  
  72  6:39  Archon x2  
  80  6:40  Adept  
  80  6:45  Adept  
  84  6:48  Pylon  
  84  6:55  Gateway  
  84  7:04  Dark Templar x2, Pylon  
  88  7:08  Archon  
  88  7:09  Adept x3  
  88  7:10  Adept  
  96  7:34  Adept x4  
  96  7:35  Adept x3  
  56  8:02  Adept x4  
  56  8:03  Adept x2  
  56  8:04  Adept  
  62  8:22  Adept x4  
  62  8:23  Adept x4  
Show
View Real Time Build Order
Export as new Build Order

Scarlett Zerg - Winner!

Build Orders: Hatch First 

Get SALT Encoding   

  12  0:00  Drone  
  13  0:12  Overlord  
  13  0:17  Drone  
  14  0:30  Drone x2  
  14  0:34  Drone  
  17  0:51  Hatchery  
  17  0:53  Drone  
  17  0:57  Drone  
  17  1:00  Extractor  
  17  1:12  Spawning Pool  
  17  1:15  Drone  
  18  1:18  Drone  
  18  1:27  Drone  
  19  1:38  Overlord  
  19  1:50  Drone  
  20  1:59  Queen  
  20  2:01  Metabolic Boost  
  22  2:02  Queen  
  22  2:03  Zergling x2  
  22  2:08  Drone  
  26  2:11  Drone  
  26  2:14  Drone  
  28  2:22  Drone  
  29  2:25  Drone  
  30  2:32  Drone  
  31  2:40  Hatchery  
  30  2:44  Drone  
  30  2:45  Evolution Chamber  
  30  2:47  Overlord  
  30  2:54  Drone x2  
  32  3:00  Queen  
  34  3:07  Zergling x2  
  34  3:08  Zergling x4  
  34  3:10  Zergling x2  
  38  3:16  Drone x2  
  39  3:20  Zerg Melee Weapons Level 1  
  39  3:23  Drone  
  39  3:24  Drone  
  41  3:30  Drone  
  41  3:32  Drone  
  43  3:39  Overlord  
  43  3:42  Overlord  
  43  3:51  Extractor  
  43  3:52  Drone x2, Overlord  
  43  3:53  Drone, Baneling Nest  
  43  3:55  Drone  
  45  4:01  Drone  
  46  4:03  Drone x2  
  46  4:06  Queen  
  50  4:11  Overlord  
  50  4:12  Drone x3  
  50  4:16  Zergling x4  
  55  4:19  Drone  
  55  4:20  Drone  
  55  4:24  Drone  
  58  4:32  Drone x2  
  58  4:33  Zergling x2  
  58  4:34  Zergling x4  
  58  4:37  Baneling x5  
  63  4:40  Zergling x4  
  63  4:41  Overlord  
  63  4:43  Zergling x4  
  67  4:49  Zergling x2, Spine Crawler  
  67  4:50  Zergling x2  
  67  4:53  Zergling x6  
  67  4:59  Spore Crawler  
  69  5:00  Spore Crawler  
  69  5:04  Zergling x10  
  73  5:08  Zergling x4  
  73  5:12  Queen  
  77  5:16  Zergling x8  
  81  5:22  Queen  
  81  5:24  Baneling  
  81  5:25  Baneling x4  
  81  5:26  Zergling x2  
  77  5:48  Zergling x18  
  77  5:49  Zergling x2  
  79  5:50  Lair  
  79  5:52  Zerg Missile Weapons Level 1  
  79  5:53  Drone x3  
  79  5:54  Extractor  
  79  5:55  Extractor  
  79  5:59  Drone x2  
  80  6:09  Drone x3  
  81  6:19  Drone  
  81  6:21  Hatchery  
  81  6:22  Baneling x6  
  81  6:23  Zergling x10  
  86  6:31  Drone x3  
  86  6:32  Overlord  
  89  6:34  Overlord  
  89  6:41  Overlord x2  
  89  6:48  Centrifical Hooks  
  89  6:51  Hydralisk Den  
  89  6:53  Drone x3  
  91  6:54  Drone  
  91  6:55  Drone  
  91  6:57  Overseer  
  93  7:08  Zergling x2  
  93  7:09  Zergling x18  
  93  7:11  Queen  
  93  7:14  Baneling x7  
  93  7:15  Baneling  
  105  7:16  Baneling  
  105  7:17  Baneling  
  105  7:20  Zergling x4  
  107  7:29  Baneling x5  
  107  7:30  Baneling x7  
  107  7:32  Overlord  
  107  7:35  Hydralisk  
  107  7:36  Zergling x4  
  107  7:37  Zergling x4  
  92  7:54  Hydralisk x2  
  92  7:55  Zergling x16  
  97  8:02  Drone x2  
Tags
 
Add a new tag
Caveats
  • Supply blocks, unpowered buildings, or Contaminate may cause inaccurate times.
  • Supply counts are checked every 10 seconds.